 Dungeon Crawl Stone Soup version 0.13.1-2-gfb2c2b7 (webtiles) character file.

131 Lilouch the Firebug (level 3, 31/31 HPs)
             Began as an Ogre Fire Elementalist on Dec 2, 2013.
             Quit the game on Level 1 of the Dungeon.
             The game lasted 00:04:59 (813 turns).

Lilouch the Firebug (Ogre Fire Elementalist)         Turns: 813, Time: 00:04:59

HP  31/31        AC  3     Str 13      XL: 3   Next:  8%
MP   6/6         EV 10     Int 15      God:
Gold 105         SH  0     Dex 10      Spells:  1 memorised,  4 levels left

Res.Fire  : . . .   See Invis. : .   (no weapon)
Res.Cold  : . . .   Warding    : .   a - +0 robe
Life Prot.: . . .   Conserve   : .   (shield restricted)
Res.Poison: .       Res.Corr.  : .   (helmet restricted)
Res.Elec. : .       Clarity    : .   (no cloak)
Sust.Abil.: . .     Spirit.Shd : .   (gloves unavailable)
Res.Mut.  : .       Stasis     : .   (boots unavailable)
Res.Rott. : .       Flight     : .   (no amulet)
Saprovore : + . .                    (no ring)
                                     (no ring)

@: slightly resistant to hostile enchantments, unstealthy
A: unfitting armour, fast metabolism 1, saprovore 1, tough skin 1
a: no special abilities


You were on level 1 of the Dungeon.
You were not hungry.

You visited 1 branch of the dungeon, and saw 1 of its levels.

You collected 85 gold pieces.

Inventory:

Armour
 a - a +0 robe (worn)
Comestibles
 c - 2 meat rations
 k - a pear
 n - a bread ration
Scrolls
 f - a scroll of random uselessness {unknown}
 j - a scroll of identify {unknown}
 m - a scroll of remove curse {unknown}
 o - a scroll of recharging {unknown}
Potions
 d - 3 potions of curing {unknown}
 e - a potion of might {unknown}
 g - a potion of cure mutation {unknown}
 h - a potion of speed {unknown}
 i - a potion of mutation {unknown}
 l - 2 potions of heal wounds {unknown}
Books
 b - a book of Flames

   Spells                             Type                      Level
   *Flame Tongue                      Conjuration/Fire             1
   Throw Flame                        Conjuration/Fire             2
   Conjure Flame                      Conjuration/Fire             3
   Inner Flame                        Hexes/Fire                   3
   Sticky Flame                       Conjuration/Fire             4
   Fireball                           Conjuration/Fire             5


   Skills:
 - Level 1.7 Dodging
 - Level 1.5 Stealth
 + Level 1.6 Spellcasting
 + Level 0.9 Conjurations
 * Level 2.8 Fire Magic


You had 4 spell levels left.
You knew the following spells:

 Your Spells              Type           Power        Failure   Level  Hunger
a - Flame Tongue          Conj/Fire      #....        12%         1    ##.....


Dungeon Overview and Level Annotations

Branches:
Dungeon (1/27)

Altars:


Innate Abilities, Weirdness & Mutations

You are too large for most types of armour.
You have a fast metabolism.
You can tolerate rotten meat.
You have tough skin (AC +1).


Message History

Casting: Flame Tongue
Confirm with . or Enter, or press ? or * to list all spells.
Aiming: Flame Tongue
Press: ? - help, Shift-Dir - straight line, f/p - bat
Aim: a bat The flame hits the bat.
You kill the bat!
You see here a bat corpse.
You start butchering the bat corpse with your knife.
You continue butchering the corpse.
You finish chopping the bat corpse into pieces.
p - a chunk of bat flesh HP restored.
Magic restored.
You are feeling hungry.
Eat a chunk of bat flesh? (ye/n/q/i?) This raw flesh tastes unpleasant.
You continue eating.
Done exploring.
Are you sure you want to abandon this character and quit the game? (Confirm with "yes".)

.#>..............................
.#....#######..####.......#......
.#.##.#P.............P#####......
......#≈P...........P≈# #..)...
##.##.#≈≈P.........P≈≈# ##.....
#.##.#≈≈≈P.......P≈≈≈# #.....
#.##.#≈≈≈≈P.....P≈≈≈≈# ##'#'#
#.##.#≈≈≈≈≈P.<.P≈≈≈≈≈# #.#..
##'##.#≈≈≈≈P....@P≈≈≈≈# #####.#.#
....#.#≈≈≈P.......P≈≈≈# #.....#..
....'.#≈≈P.........P≈≈# #.....###
....###≈P...........P≈# #.....#..
....# #P.............P# #.....#.#
....# #######..######## #.....#.#
>...# #............###.....#.#
....######......#####...#.....#.#
................# ##...###'###.#


There were no monsters in sight!

Vanquished Creatures
  2 giant geckos (D:1)
  An ooze (D:1)
  3 bats (D:1)
  2 giant cockroaches (D:1)
  5 goblins (D:1)
  A hobgoblin (D:1)
  A giant newt (D:1)
  4 kobolds (D:1)
  6 rats (D:1)
25 creatures vanquished.

Notes
Turn   | Place    | Note
--------------------------------------------------------------
     0 | D:1      | Lilouch, the Ogre Fire Elementalist, began the quest for the Orb.
     0 | D:1      | Reached XP level 1. HP: 16/16 MP: 3/3
   147 | D:1      | Reached XP level 2. HP: 21/24 MP: 1/4
   553 | D:1      | Reached XP level 3. HP: 15/31 MP: 0/6
   813 | D:1      | Quit the game

Action                   || total
-------------------------++-------
Melee: Unarmed           ||    72
 Cast: Flame Tongue      ||    30
